 Dungeon Crawl Stone Soup version 0.31-a0-221-gbddc013574 (webtiles) character file.

Game seed: 9281649502141819800

1486 pokeman the Thaumaturge (level 8, -2/43 (44) HPs)
             Began as a Deep Elf Hedge Wizard on July 4, 2023.
             Slain by a wight
             ... wielding a +4 halberd
              (6 damage)
             ... on level 6 of the Dungeon.
             The game lasted 00:11:15 (6901 turns).

pokeman the Thaumaturge (Deep Elf Hedge Wizard)     Turns: 6901, Time: 00:11:16

HP:   -2/43 (44)    AC:  3    Str:  7    XL:     8   Next: 50%
MP:   8/23          EV: 13    Int: 22    God:
Gold: 459           SH:  0    Dex: 14    Spells: 18/26 levels left

rFire   . . .        w - +0 whip (elec)
rCold   + . .        (no shield)
rNeg    + . .        z - +1 robe {Will+}
rPois   .            c - +0 hat
rElec   .            (no cloak)
rCorr   .            (no gloves)
SInv    .            (no boots)
Will    +....        (no amulet)
Stlth   ++           s - ring of protection from cold
HPRegen 0.27/turn    u - ring of positive energy
MPRegen 0.18/turn

%: no passive effects
@: lightly drained
A: no striking features
a: no special abilities


You were on level 6 of the Dungeon.
You visited 1 branch of the dungeon, and saw 6 of its levels.

You collected 459 gold pieces.

Inventory:

Hand Weapons
 w - a +0 whip of electrocution (weapon)
Armour
 c - a +0 hat (worn)
 o - a +2 ring mail of cold resistance
 z - a +1 robe of willpower (worn)
Jewellery
 s - a ring of protection from cold (left hand)
 u - a ring of positive energy (right hand)
Scrolls
 e - 2 scrolls of summoning {unknown}
 f - a scroll of enchant weapon {unknown}
 g - 5 scrolls of fog {unknown}
 h - a scroll of noise {unknown}
 n - a scroll of poison {unknown}
 p - a scroll of torment {unknown}
 r - 2 scrolls of identify {unknown}
 v - a scroll of teleportation {unknown}
 x - a scroll of blinking {unknown}
 y - a scroll of amnesia {unknown}
Potions
 a - a potion of attraction {unknown}
 d - a potion of magic
 i - 6 potions of curing {unknown}
 j - a potion of might {unknown}
 k - a potion of heal wounds {unknown}
 l - a potion of mutation {unknown}
 m - 2 potions of brilliance {unknown}
 q - 3 potions of berserk rage {unknown}
 t - a potion of invisibility {unknown}


   Skills:
 - Level 2.0 Fighting
 + Level 2.6 Armour
 - Level 3.0 Dodging
 - Level 3.0 Stealth
 * Level 9.8 Spellcasting
 + Level 5.2 Conjurations
 - Level 1.1 Summonings
 - Level 1.1 Translocations
 + Level 3.9 Air Magic
 - Level 1.3 Poison Magic


You had 18 spell levels left.
You knew the following spells:

 Your Spells              Type           Power      Damage    Failure   Level
a - Magic Dart            Conj           100%       1d8       1%          1
b - Mephitic Cloud        Conj/Pois/Air  26%        N/A       4%          3
c - Call Imp              Summ           30%        N/A       6%          2
d - Blink                 Tloc           30%        N/A       6%          2

Your spell library contained the following spells:

 Spells                   Type           Power      Damage    Failure   Level
 Momentum Strike          Conj/Tloc      48%        3d9       2%          2
 Summon Small Mammal      Summ           60%        N/A       4%          1
 Cigotuvi's Dreadful Rot  Necr/Pois/Air  36%        N/A       4%          2
 Freeze                   Ice            40%        1d6       6%          1
 Slow                     Hex            40%        N/A       6%          1
 Lesser Beckoning         Tloc           30%        N/A       6%          2
 Hailstorm                Conj/Ice       22%        3d7       6%          3
 Call Canine Familiar     Summ           15%        N/A       12%         3
 Summon Guardian Golem    Hex/Summ       13%        N/A       14%         3
 Frozen Ramparts          Ice            20%        1d4       19%         3
 Orb of Destruction       Conj           16%        9d7       99%         7
 Spellforged Servitor     Conj/Summ      12%        N/A       100%        7


Dungeon Overview and Level Annotations

Branches:
Dungeon (6/15)
 Temple: D:4-7

Altars:
Ashenzari
Cheibriados
Dithmenos
Fedhas
Hepliaklqana
Ru


Message History

Aiming: Magic Dart (safe; 1% risk of failure)
Press: ? - help, Shift-Dir - straight line, f/p - wight
Aim: a wight, wielding a +4 halberd and wearing a +0 robe (lightly damaged, 100% to hit)
The magic dart hits the wight.
The wight is lightly damaged.
Casting: Magic Dart (safe; 1% risk of failure)
Confirm with . or Enter, or press ? or * to list all spells.
Aiming: Magic Dart (safe; 1% risk of failure)
Press: ? - help, Shift-Dir - straight line, f/p - wight
Aim: a wight, wielding a +4 halberd and wearing a +0 robe (lightly damaged, 100% to hit)
The magic dart hits the wight but does no damage.
The wight is lightly damaged.
The wight hits you from afar with a +4 halberd!
Casting: Magic Dart (safe; 1% risk of failure)
Confirm with . or Enter, or press ? or * to list all spells.
A tiny devil pulls itself out of the air.
The wight closely misses you.
Found a leather armour.
Your cerulean imp hits the wight but does no damage.
Found an escape hatch in the floor.
Your cerulean imp barely misses the wight.
Casting: Call Imp (safe; 6% risk of failure)
Confirm with . or Enter, or press ? or * to list all spells.
Aiming: Magic Dart (safe; 1% risk of failure)
Press: ? - help, Shift-Dir - straight line, f/p - wight
Aim: a wight, wielding a +4 halberd and wearing a +0 robe (lightly damaged, ally target, 100% to hit)
The magic dart hits the wight but does no damage.
The wight is lightly damaged.
The wight closely misses you.
Your cerulean imp hits the wight but does no damage.
The wight hits you with a +4 halberd!
* * * LOW HITPOINT WARNING * * *
You partially resist.
You feel drained.
* * * LOW HITPOINT WARNING * * *
Your cerulean imp closely misses the wight.
Unknown command.
You barely miss the wight.
The wight is lightly damaged.
The wight hits you with a +4 halberd.
You die...

.. ...##.....≈ .. .# .)..
##....[..#..≈..> ... ....
#..#.##....#≈...
...##...##..#......##...
....#.......#.........##
.......##..##..........##
.......###.##..5.........
.........#.....z.........
...........#..<.@........
........####.............
....#......#...#.........
....)z.################..
....##.# # .... ### ...
.. ..#


You could see a wight (ally target) and a friendly cerulean imp (summoned).

Vanquished Creatures
  Pikel (D:4)
  Duvessa (D:4)
  An orc warrior (D:4)
  A black bear (D:5)
  2 ogres
  2 lemures (D:4)
  A wight (D:6)
  Dowan (D:4)
  A howler monkey (D:4)
  A hound (D:5)
  Jessica (D:2)
  2 orc wizards (D:5)
  4 iguanas
  11 adders
  A white imp (D:5)
  2 dart slugs
  10 orcs
  8 ball pythons
  7 endoplasms
  A giant cockroach (D:2)
  9 goblins
  12 hobgoblins
  3 jackals
  15 kobolds
  4 quokkas
  7 bats
  8 frilled lizards
  13 rats
  A spectral orc (D:5)
131 creatures vanquished.

Vanquished Creatures (collateral kills)
  An orc (D:5)
  A quokka (D:5)
2 creatures vanquished.

Grand Total: 133 creatures vanquished

Notes
Turn   | Place    | Note
-------+----------+-------------------------------------------
     0 | D:1      | pokeman the Deep Elf Hedge Wizard began the quest for the
                  | Orb.
     0 | D:1      | Reached XP level 1. HP: 10/10 MP: 7/7
   205 | D:1      | Reached XP level 2. HP: 15/15 MP: 1/9
   735 | D:1      | Found a faded altar of an unknown god.
   844 | D:1      | Reached skill level 5 in Spellcasting
  1153 | D:1      | Reached XP level 3. HP: 20/20 MP: 6/11
  1157 | D:1      | Learned a level 3 spell: Mephitic Cloud
  1160 | D:1      | Learned a level 2 spell: Call Imp
  1163 | D:1      | Learned a level 2 spell: Blink
  1735 | D:2      | Reached skill level 1 in Armour
  1998 | D:2      | Reached skill level 1 in Fighting
  2001 | D:2      | Reached XP level 4. HP: 22/25 MP: 4/13
  2661 | D:2      | Noticed Jessica
  2670 | D:2      | Killed Jessica
  2896 | D:3      | Found a blossoming altar of Fedhas.
  2981 | D:3      | Found a broken altar of Ashenzari.
  3201 | D:3      | Reached skill level 6 in Spellcasting
  3299 | D:3      | Reached XP level 5. HP: 22/29 MP: 6/15
  3859 | D:4      | Noticed an ogre
  3865 | D:4      | Found a snail-covered altar of Cheibriados.
  3886 | D:4      | Killed an ogre
  3887 | D:4      | Reached skill level 1 in Air Magic
  3887 | D:4      | Reached skill level 1 in Poison Magic
  3887 | D:4      | Reached XP level 6. HP: 34/34 MP: 6/17
  3928 | D:4      | Noticed Duvessa
  3947 | D:4      | Killed Duvessa
  3948 | D:4      | Reached skill level 7 in Spellcasting
  4009 | D:4      | Noticed Dowan
  4027 | D:4      | Killed Dowan
  4192 | D:4      | Noticed an orc warrior
  4280 | D:4      | Killed an orc warrior
  4281 | D:4      | Reached XP level 7. HP: 23/39 MP: 7/20
  4660 | D:4      | Found a shadowy altar of Dithmenos.
  5273 | D:4      | Noticed Pikel
  5696 | D:4      | Killed Pikel
  5697 | D:4      | Reached skill level 9 in Spellcasting
  5697 | D:4      | Reached XP level 8. HP: 26/44 MP: 15/23
  5795 | D:5      | Entered Level 5 of the Dungeon
  6213 | D:5      | Found a sacrificial altar of Ru.
  6243 | D:5      | Reached skill level 5 in Conjurations
  6735 | D:5      | Found a hazy altar of Hepliaklqana.
  6901 | D:6      | Slain by a wight

Illustrated notes

Levels and vault maps discovered:
D:1:      dpeg_arrival_ratfight, layout_loops_corners,
          hellmonk_ecumenical_altar_leap_of_faith, minmay_lizard_king
D:2:      layout_basic, minmay_tree_intersection, lexackson_kobold_supper,
          uniq_jessica
D:3:      layout_loops_ring, cheibrodos_ashenzari_chains, lemuel_doored_altar
D:4:      layout_loops_corners, cheibriados_altar_1, amcnicky_altar_gilded,
          nzn_random_ring, uniq_duvessa, uniq_pikel
D:5:      layout_loops_ring, nicolae_ru_awakened_eye,
          nicolae_hepliaklqana_monster_ancestors
D:6:      layout_cave_pools, nicolae_qazlal_beasts_of_the_sky,
          minmay_temple_entry_slanted, serial_rivers,
          chequers_serial_rivers_marsh, chequers_serial_rivers_micro_e,
          chequers_serial_rivers_small_3, chequers_serial_rivers_large_b,
          serial_shops, nicolae_shop_getting_attention, kennysheep_mini_moat,
          nicolae_diamond_shop, nicolae_shop_crystal, shop_statue

Skill      XL: |  1  2  3  4  5  6  7  8 |
---------------+-------------------------+-----
Spellcasting   | 5 6 7 9 |  9.8
Armour         | 1 2 |  2.6
Fighting       | 1 2 |  2.0
Conjurations   | 2 3 4 5 |  5.2
Dodging        | 3 |  3.0
Stealth        | 3 |  3.0
Air Magic      | 1 2 3 |  3.9
Poison Magic   | 1 |  1.3
Summonings     | |  1.1
Translocations | |  1.1

Action                     |  1- 3 |  4- 6 |  7- 9 || total
---------------------------+-------+-------+-------++-------
  Melee: Dagger            |     9 |       |       ||     9
         Short sword       |       |    43 |       ||    43
         Whip              |       |       |    48 ||    48
         Halberd           |       |       |     5 ||     5
   Cast: Magic Dart        |   114 |   104 |   136 ||   354
         Mephitic Cloud    |       |     9 |    16 ||    25
         Blink             |       |     1 |     2 ||     3
         Call Imp          |       |     4 |     6 ||    10
   Stab: Confused          |       |     6 |     6 ||    12
 Armour: Robe              |    13 |     4 |     2 ||    19
  Dodge: Dodged            |    28 |    20 |    45 ||    93

Table legend: (Time is in decaauts)
 A = Elapsed time spent in this place.
 B = Non-inter-level travel time spent in this place.
 C = Inter-level travel time spent in this place.
 D = Time resting spent in this place.
 E = Time spent auto-exploring this place.
 F = Levels seen in this place.
 G = Mean time per level.
                   A        B        C        D        E       F      G
               +--------+--------+--------+--------+--------+-----+--------+
         Total |   6904 |   6747 |    157 |    164 |   5582 |   6 | 1150.7 |
       Dungeon |   6904 |   6747 |    157 |    164 |   5582 |   6 | 1150.7 |
               +--------+--------+--------+--------+--------+-----+--------+

Top non-repeatable levels by time:
     D:4: 2099 daAuts
     D:1: 1728 daAuts
     D:5: 1060 daAuts
     D:2: 1056 daAuts
     D:3: 914 daAuts
     D:6: 46 daAuts
